 Dungeon Crawl Stone Soup version 0.24-a0-699-g5a66b1aa3b (webtiles) character file.

Game seed: 358256631102713131, levelgen mode: deterministic

95 Kairok the Sneak (level 4, -6/25 HPs)
             Began as a Vine Stalker Monk on Sept 29, 2019.
             Killed by nerve-wracking pain
             ... invoked by an orc priest
              (10 damage)
             ... on level 3 of the Dungeon.
             The game lasted 00:03:28 (1637 turns).

Kairok the Sneak (Vine Stalker Monk)                Turns: 1637, Time: 00:03:28

Health: -6/25      AC:  6    Str: 13    XL:     4   Next: 65%
Magic:  0/9        EV: 14    Int: 10    God:
Gold:   157        SH:  0    Dex: 18    Spells: 8/8 levels left

rFire    . . .     SeeInvis .   a - +0 short sword
rCold    . . .     Gourm    .   (no shield)
rNeg     . . .     Faith    .   j - +0 leather armour
rPois    .         Spirit   +   (no helmet)
rElec    .         Reflect  .   d - +1 cloak
rCorr    .         Harm     .   n - +0 pair of gloves
MR       +....                  (no boots)
Stlth    +++.......             (no amulet)
HPRegen  0.48/turn              l - ring of protection from magic
MPRegen  0.11/turn              h - ring of flight

@: no status effects
A: fangs 2, regeneration 1, magic shield, antimagic bite, no potion heal 3, rot
immunity
a: Evoke Flight


You were on level 3 of the Dungeon.
You were very hungry.

You visited 1 branch of the dungeon, and saw 3 of its levels.

You collected 157 gold pieces.

Inventory:

Hand Weapons
 a - a +0 short sword (weapon)
Armour
 b - a +0 robe
 d - a +1 cloak (worn)
 j - a +0 leather armour (worn)
 n - a +0 pair of gloves (worn)
Jewellery
 h - a ring of flight (right hand)
 l - a ring of protection from magic (left hand)
Scrolls
 f - 3 scrolls of enchant armour
 g - 5 scrolls of remove curse
 i - a scroll of fog {unknown}
 k - a scroll of amnesia {unknown}
 m - a scroll of magic mapping {unknown}
 o - a scroll of teleportation {unknown}
 p - 2 scrolls of immolation {unknown}
 q - a scroll of blinking {unknown}
Potions
 e - 2 potions of curing
Comestibles
 c - 5 rations


   Skills:
 + Level 4.1 Fighting
 + Level 4.3 Short Blades
 + Level 2.5 Throwing
 + Level 2.4 Armour
 + Level 3.8 Dodging
 + Level 4.7 Stealth
 + Level 3.1 Unarmed Combat
 + Level 2.8 Spellcasting


You had 8 spell levels left.
You didn't know any spells.
Your spell library was empty.

Dungeon Overview and Level Annotations

Branches:
Dungeon (3/15)

Altars:
Dithmenos
Qazlal
Trog
Zin


Innate Abilities, Weirdness & Mutations

You have extremely sharp teeth.
Your natural rate of healing is unusually fast.
When hurt, damage is shared between your health and your magic reserves.
Your bite disrupts and absorbs the magic of your enemies.
Potions cannot restore your health.
You are immune to rotting.


Message History

Beogh smites you! The orc hits you but does no damage.
The orc priest hits you with a +0 flail!
There is an open door, spattered with blood here.
You hit the orc priest.
The orc priest is lightly wounded.
The orc barely misses you.
The orc priest hits you with a +0 flail!
* * * LOW HITPOINT WARNING * * *
You barely miss the orc priest.
The orc priest is lightly wounded.
You barely miss the orc priest.
You bite the orc priest, but do no damage.
The orc priest is lightly wounded.
The orc closely misses you.
The orc priest hits you but does no damage.
The orc barely misses you.
The orc priest invokes the aid of Beogh against you.
Pain shoots through your body!
You die...

##'##........#
#...........##
#.......#####
#(...<#....>.
#.)...#......
######.o...#.......
#.)...#'#..#.......
#.###o#.#).........
#.o@.#.###.....#
#.§..#.#...#'#
..##.§..#..#(....
..§§....#.....#+###
..§§§§..#..........
#.§.........##...#
#.........#).'...+
#.........#..#...#
#.........#..# ###


You could see 2 orc priests and an orc.

Vanquished Creatures
  3 adders
  2 dart slugs
  2 leopard geckos
  2 orcs
  6 goblins
  3 hobgoblins
  4 jackals (D:1)
  A ball python (D:2)
  3 bats
  6 frilled lizards
  5 rats
37 creatures vanquished.

Vanquished Creatures (others)
  An orc wizard (D:3)
  2 dart slugs (D:3)
3 creatures vanquished.

Grand Total: 40 creatures vanquished

Notes
Turn   | Place    | Note
-------+----------+-------------------------------------------
     0 | D:1      | Kairok the Vine Stalker Monk began the quest for the Orb.
     0 | D:1      | Reached XP level 1. HP: 11/11 MP: 2/2
   165 | D:1      | Reached XP level 2. HP: 14/16 MP: 3/3
   638 | D:1      | Reached XP level 3. HP: 21/21 MP: 4/8
   679 | D:2      | Found a bloodstained altar of Trog.
   723 | D:2      | Found a stormy altar of Qazlal.
   782 | D:2      | Found a glowing silver altar of Zin.
   792 | D:2      | Gained mutation: Your natural rate of healing is unusually
                  | fast. [Vine Stalker growth]
   792 | D:2      | Reached XP level 4. HP: 11/25 MP: 9/9
  1599 | D:3      | Found a shadowy altar of Dithmenos.
  1637 | D:3      | Killed from afar by an orc priest

Levels and vault maps discovered:
D:1:      dpeg_arrival_rooms_b, layout_loops_cross
D:2:      layout_basic, nicolae_qazlal_general_emergency, zin_treasury,
          first_ration, corner_web_ring, trog_butcher_becter
D:3:      layout_basic, grunt_dithmenos_smoke, fiery_altar_vehumet,
          regret_index_temple_of_mockery

Skill      XL: |  1  2 |
---------------+-------+-----
Short Blades   | 4 |  4.3
Fighting       | 4 |  4.1
Throwing       | 2 |  2.5
Armour         | 2 |  2.4
Dodging        | 3 |  3.8
Stealth        | 4 |  4.7
Unarmed Combat | 3 |  3.1
Spellcasting   | 2 |  2.8

Action                   |  1- 3 |  4- 6 || total
-------------------------+-------+-------++-------
Melee: Short sword       |    46 |    59 ||   105
       Bite              |    19 |    23 ||    42
       Punch             |       |     1 ||     1
  Use: Scroll            |     5 |     1 ||     6
       Potion            |     1 |       ||     1
 Stab: Sleeping          |       |     2 ||     2
  Eat: Chunk             |       |     1 ||     1
Armor: Robe              |     4 |       ||     4
       Leather armour    |     4 |    15 ||    19
Dodge: Dodged            |    28 |    34 ||    62

Table legend:
 A = Non-vault XP
 B = Vault XP
 C = Vault XP percentage of total XP
 D = Non-vault monster count
 E = Vault monster count
 F = Vault count percentage of total count
                 A         B        C        D         E       F
            +---------+---------+-------+---------+---------+-------
      Total |      92 |       8 |   8.0 |      33 |       4 |  10.8
            +---------+---------+-------+---------+---------+-------
        D:1 |      24 |       0 |   0.0 |      13 |       0 |   0.0
        D:2 |      47 |       8 |  14.5 |      15 |       4 |  21.1
        D:3 |      21 |       0 |   0.0 |       5 |       0 |   0.0
            +---------+---------+-------+---------+---------+-------
